[Event "Bangabandhu Premier Div League 2023-24"]
[Site "Dhaka"]
[Date "2024.02.04"]
[Round "4.1"]
[White "Abu Sufian, Shakil"]
[Black "Mrittika Mallick"]
[Result "1-0"]
[ECO "B51"]
[WhiteElo "2199"]
[BlackElo "1859"]
[Annotator "ChessBase"]
[PlyCount "140"]
[EventDate "2024.02.01"]
[EventCountry "BAN"]
[SourceTitle "playchess.com"]
[Source "ChessBase"]
[SourceQuality "1"]
[TimeControl "40/5400+30:1800+30"]

1. e4 c5 2. Nf3 d6 3. Bb5+ Nd7 4. d4 cxd4 5. Qxd4 a6 6. Bxd7+ Bxd7 7. Nc3 e5 8. Qd3 h6 9. O-O Nf6 10. Nd2 b5 11. Rd1 Rc8 12. Nf1 b4 13. Nd5 Nxd5 14. exd5 Qb6 15. Ne3 Qb5 16. Qxb5 axb5 17. Bd2 f5 18. Rac1 f4 19. Nf1 Ra8 20. Bxb4 Rxa2 21. Ra1 Rxb2 22. Ra8+ Ke7 23. c3 g5 24. Ra6 Kf7 25. Ra7 Ke8 26. Rda1 Rg8 27. Rb7 Rg7 28. Ra8+ Ke7 29. Ba5 e4 30. Bd8+ Kf7 31. Rxd7+ Kg6 32. Raa7 Rc2 33. Be7 Bxe7 34. Rxe7 Rxe7 35. Rxe7 Kf5 36. h3 h5 37. Re6 Rxc3 38. Rxd6 Rd3 39. Rd8 Ke5 40. Rg8 Rxd5 41. Rxg5+ Kd4 42. Rg8 b4 43. Rb8 Kc3 44. g3 f3 45. Ne3 Rc5 46. Nd1+ Kd3 47. Nb2+ Ke2 48. Re8 Rc1+ 49. Kh2 Rf1 50. Rxe4+ Kd2 51. g4 h4 52. Rxb4 Rxf2+ 53. Kg1 Rg2+ 54. Kf1 Rh2 55. Re4 Kc3 56. Nd1+ Kd3 57. Re3+ Kd2 58. Rxf3 Rh1+ 59. Kf2 Rxd1 60. g5 Rb1 61. Rf4 Rb5 62. g6 Rg5 63. Rg4 Rf5+ 64. Kg2 Rf8 65. g7 Rg8 66. Kf3 Kd3 67. Kf4 Kd4 68. Kf5+ Kd5 69. Kf6 Kd6 70. Kf7 Kd5 1-0

[Event "Bangabandhu Premier Div League 2023-24"]
[Site "Dhaka"]
[Date "2024.02.04"]
[Round "4.1"]
[White "Ikramul, Haq Siam"]
[Black "Hossain, Enamul"]
[Result "1/2-1/2"]
[ECO "B30"]
[WhiteElo "2036"]
[BlackElo "2372"]
[Annotator "ChessBase"]
[PlyCount "61"]
[EventDate "2024.02.01"]
[EventCountry "BAN"]
[SourceTitle "playchess.com"]
[Source "ChessBase"]
[SourceQuality "1"]
[TimeControl "40/5400+30:1800+30"]

1. e4 c5 2. Nf3 Nc6 3. Bc4 e6 4. O-O a6 5. d4 cxd4 6. Nxd4 Qc7 7. Nxc6 bxc6 8. Qe2 Nf6 9. e5 Nd5 10. b3 Bb7 11. Bb2 Be7 12. Nd2 O-O 13. Ne4 f5 14. Nd2 Nf4 15. Qe3 Bg5 16. Qg3 Bh6 17. Nf3 c5 18. Bc1 Nh5 19. Qh4 Bxc1 20. Raxc1 g6 21. Rcd1 Bxf3 22. gxf3 Qxe5 23. Rxd7 Rae8 24. Rfd1 Nf6 25. Ra7 Rf7 26. Rxa6 Kg7 27. Qg5 Qc3 28. Kg2 Qxc2 29. Qd2 Qxd2 30. Rxd2 Nh5 31. Rc6 1/2-1/2

[Event "Bangabandhu Premier Div League 2023-24"]
[Site "Dhaka"]
[Date "2024.02.04"]
[Round "4.2"]
[White "Chigaev, Maksim"]
[Black "Mohammad Nubairshah Shaikh"]
[Result "1/2-1/2"]
[ECO "D10"]
[WhiteElo "2622"]
[BlackElo "2428"]
[Annotator "ChessBase"]
[PlyCount "87"]
[EventDate "2024.02.01"]
[EventCountry "BAN"]
[SourceTitle "playchess.com"]
[Source "ChessBase"]
[SourceQuality "1"]
[TimeControl "40/5400+30:1800+30"]

1. d4 d5 2. c4 c6 3. cxd5 cxd5 4. Bf4 Nc6 5. e3 Nf6 6. Nc3 Bf5 7. Qb3 Na5 8. Qa4+ Bd7 9. Bb5 Nc6 10. Nf3 a6 11. Bxc6 Bxc6 12. Qb3 Nh5 13. O-O e6 14. Ne5 Nxf4 15. exf4 Bd6 16. Rfe1 O-O 17. Rad1 Qf6 18. g3 Rfc8 19. h4 Be8 20. Na4 Bxa4 21. Qxa4 b5 22. Qa5 Qd8 23. Qd2 Rc7 24. Qd3 g6 25. Nf3 Rac8 26. Kg2 Rc2 27. Re2 Qc7 28. b3 Bb4 29. a4 Rc3 30. Qb1 bxa4 31. bxa4 Qc4 32. Rb2 Bd6 33. h5 Qxa4 34. hxg6 hxg6 35. Ng5 Rc2 36. Rh1 Be7 37. Rh8+ Kg7 38. Rh7+ Kg8 39. Rh8+ Kg7 40. Rh7+ Kg8 41. Rxc2 Qxc2 42. Rh8+ Kg7 43. Rh7+ Kg8 44. Rh8+ 1/2-1/2

[Event "Bangabandhu Premier Div League 2023-24"]
[Site "Dhaka"]
[Date "2024.02.04"]
[Round "4.2"]
[White "Tanvir, Alam"]
[Black "Pranav Vijay"]
[Result "0-1"]
[ECO "E12"]
[WhiteElo "1836"]
[BlackElo "2252"]
[Annotator "RC"]
[PlyCount "46"]
[EventDate "2024.02.01"]
[EventCountry "BAN"]
[SourceTitle "playchess.com"]
[Source "ChessBase"]
[SourceQuality "1"]
[TimeControl "40/5400+30:1800+30"]

1. d4 Nf6 2. c4 e6 3. Nf3 b6 4. Nc3 Bb4 5. Bf4 Bb7 6. e3 O-O 7. Bd3 Bxc3+ 8. bxc3 d6 9. Qc2 Nbd7 10. e4 e5 11. Bg5 h6 12. Bd2 exd4 13. cxd4 Bxe4 14. O-O-O Re8 15. Rde1 d5 16. h4 c5 17. Ng5 Bxd3 18. Qxd3 Rxe1+ 19. Bxe1 dxc4 20. Qf5 cxd4 21. g4 Qe7 22. Qf3 Re8 23. Bd2 c3 0-1

[Event "Bangabandhu Premier Div League 2023-24"]
[Site "Dhaka"]
[Date "2024.02.04"]
[Round "4.3"]
[White "Mayank Chakraborty"]
[Black "Iniyan, Pa"]
[Result "1/2-1/2"]
[ECO "E16"]
[WhiteElo "2409"]
[BlackElo "2515"]
[Annotator "RC"]
[PlyCount "89"]
[EventDate "2024.02.01"]
[EventCountry "BAN"]
[SourceTitle "playchess.com"]
[Source "ChessBase"]
[SourceQuality "1"]
[TimeControl "40/5400+30:1800+30"]

1. d4 Nf6 2. c4 e6 3. g3 Bb4+ 4. Nd2 O-O 5. Bg2 d5 6. Ngf3 b6 7. O-O Bb7 8. a3 Be7 9. cxd5 exd5 10. b4 Nbd7 11. Ne5 a5 12. b5 Nxe5 13. dxe5 Nd7 14. Nf3 a4 15. h4 Re8 16. Bh3 d4 17. e6 Nc5 18. exf7+ Kxf7 19. Bg2 Kg8 20. Nxd4 Bxg2 21. Kxg2 Bf6 22. Be3 Nb3 23. Nxb3 Qxd1 24. Rfxd1 axb3 25. Rab1 b2 26. Rd3 Ra4 27. Bg5 Bxg5 28. hxg5 Rxe2 29. Rb3 Rc2 30. R1xb2 Rxb2 31. Rxb2 Rxa3 32. Rc2 Rb3 33. Rxc7 Rxb5 34. f4 Rc5 35. Rb7 Rc6 36. g4 h6 37. gxh6 Rxh6 38. Kf3 Rc6 39. g5 g6 40. Ke4 Kf8 41. Kd4 Rd6+ 42. Ke5 Rc6 43. Rb8+ Ke7 44. Rb7+ Kf8 45. Ke4 1/2-1/2

[Event "Bangabandhu Premier Div League 2023-24"]
[Site "Dhaka"]
[Date "2024.02.04"]
[Round "4.3"]
[White "Murshed, Niaz"]
[Black "Sohan, Sobhan"]
[Result "1-0"]
[ECO "A50"]
[WhiteElo "2363"]
[BlackElo "1544"]
[Annotator "RC"]
[PlyCount "50"]
[EventDate "2024.02.01"]
[EventCountry "BAN"]
[SourceTitle "playchess.com"]
[Source "ChessBase"]
[SourceQuality "1"]
[TimeControl "40/5400+30:1800+30"]

1. d4 Nf6 2. c4 c6 3. Nc3 h6 4. e4 d6 5. Nf3 e6 6. Bd3 Be7 7. Qe2 Nbd7 8. e5 dxe5 9. dxe5 Ng8 10. h4 Nc5 11. Bc2 Qb6 12. O-O Bd7 13. Rb1 Na6 14. a3 c5 15. Be3 Qc7 16. Nb5 Bxb5 17. cxb5 Nb8 18. Rbc1 Nd7 19. Be4 O-O-O 20. b4 Kb8 21. Rfd1 f5 22. Bb1 Rc8 23. Qd2 Rd8 24. Qc3 Rc8 25. Qc4 Nf8 1-0

[Event "Bangabandhu Premier Div League 2023-24"]
[Site "Dhaka"]
[Date "2024.02.04"]
[Round "4.4"]
[White "Anata, Choudhury"]
[Black "Subrota, Biswas"]
[Result "0-1"]
[ECO "B33"]
[WhiteElo "2196"]
[BlackElo "2223"]
[Annotator "ChessBase"]
[PlyCount "76"]
[EventDate "2024.02.01"]
[EventCountry "BAN"]
[SourceTitle "playchess.com"]
[Source "ChessBase"]
[SourceQuality "1"]
[TimeControl "40/5400+30:1800+30"]

1. e4 c5 2. Nf3 Nc6 3. d4 cxd4 4. Nxd4 Nf6 5. Nc3 e5 6. Ndb5 d6 7. Nd5 Nxd5 8. exd5 Nb8 9. a4 Be7 10. Be2 O-O 11. Bd2 Bf5 12. O-O Be4 13. c4 Bg6 14. a5 a6 15. Nc3 Nd7 16. f4 f5 17. Kh1 Rc8 18. b4 Bf6 19. Rc1 exf4 20. Bxf4 Be5 21. Be3 Qh4 22. Bg1 Nf6 23. Rf3 Qg5 24. c5 Bh5 25. Rf1 Qh6 26. Qd3 f4 27. Ne4 Ng4 28. Bxg4 Bxg4 29. Rce1 Qg6 30. Bd4 f3 31. g3 f2 32. Rxf2 Rxf2 33. Bxf2 Rf8 34. Kg1 Bf3 35. Qc4 Qf5 36. Nxd6 Bxd6 37. cxd6 Bxd5 38. Qf1 Qf3 0-1

[Event "Bangabandhu Premier Div League 2023-24"]
[Site "Dhaka"]
[Date "2024.02.04"]
[Round "4.4"]
[White "Diya Chowdhury"]
[Black "Narayanan, Srinath"]
[Result "1/2-1/2"]
[ECO "B66"]
[WhiteElo "1881"]
[BlackElo "2552"]
[Annotator "RC"]
[PlyCount "41"]
[EventDate "2024.02.01"]
[EventCountry "BAN"]
[SourceTitle "playchess.com"]
[Source "ChessBase"]
[SourceQuality "1"]
[TimeControl "40/5400+30:1800+30"]

1. e4 c5 2. Nf3 d6 3. d4 cxd4 4. Nxd4 Nf6 5. Nc3 Nc6 6. Bg5 e6 7. Qd2 a6 8. Nxc6 bxc6 9. O-O-O Qa5 10. Bc4 Bb7 11. Rhe1 Nd7 12. f4 Nb6 13. Bb3 c5 14. Na4 Qxd2+ 15. Rxd2 Nd7 16. f5 e5 17. Nc3 Nb6 18. Na4 Nd7 19. Nc3 Nb6 20. Na4 Nd7 21. Nc3 1/2-1/2

[Event "Bangabandhu Premier Div League 2023-24"]
[Site "Dhaka"]
[Date "2024.02.04"]
[Round "4.5"]
[White "Swarnavo Choudhury"]
[Black "Mohammad Fahad, Rahman"]
[Result "0-1"]
[ECO "C78"]
[WhiteElo "2056"]
[BlackElo "2418"]
[Annotator "ChessBase"]
[PlyCount "94"]
[EventDate "2024.02.01"]
[EventCountry "BAN"]
[SourceTitle "playchess.com"]
[Source "ChessBase"]
[SourceQuality "1"]
[TimeControl "40/5400+30:1800+30"]

1. e4 e5 2. Nf3 Nc6 3. Bb5 a6 4. Ba4 Nf6 5. O-O b5 6. Bb3 Bc5 7. c3 d6 8. d4 Bb6 9. Be3 O-O 10. Nbd2 h6 11. dxe5 dxe5 12. Bxb6 cxb6 13. Qe2 Qc7 14. Rfd1 Na5 15. Bd5 Nxd5 16. exd5 Re8 17. Rac1 Bg4 18. h3 Bxf3 19. Qxf3 Rad8 20. b3 Qd7 21. c4 f5 22. Qc3 Rc8 23. Qd3 b4 24. a3 bxa3 25. b4 Nc6 26. Qxa3 Nd4 27. Qd3 b5 28. Nb3 bxc4 29. Rxc4 Rxc4 30. Qxc4 Rc8 31. Qd3 Rc3 32. Qxa6 Rxb3 33. Qc4 Rc3 34. Qa2 Rc2 35. Qb1 Rc8 36. Kh2 Rd8 37. Kh1 Qxd5 38. b5 Qb7 39. Qb4 Kh7 40. Qc4 Rd5 41. f4 Qxb5 42. Qxb5 Rxb5 43. fxe5 Nc6 44. e6 Re5 45. Rd6 Ne7 46. Kh2 Kg6 47. Kg3 Kf6 0-1

[Event "Bangabandhu Premier Div League 2023-24"]
[Site "Dhaka"]
[Date "2024.02.04"]
[Round "4.5"]
[White "Shawket Bin, Osman Shaon"]
[Black "Majumder, Ahmed Hossain"]
[Result "1-0"]
[ECO "E48"]
[WhiteElo "2030"]
[BlackElo "1934"]
[Annotator "NA"]
[PlyCount "69"]
[EventDate "2024.02.01"]
[EventCountry "BAN"]
[SourceTitle "playchess.com"]
[Source "ChessBase"]
[SourceQuality "1"]
[TimeControl "40/5400+30:1800+30"]

1. d4 Nf6 2. c4 e6 3. Nc3 Bb4 4. e3 d5 5. Bd3 O-O 6. Nge2 dxc4 7. Bxc4 b6 8. O-O Bb7 9. f3 c5 10. a3 Bxc3 11. bxc3 Qc7 12. Bd3 e5 13. Bb2 c4 14. Bc2 Nbd7 15. e4 Rfd8 16. Qe1 Nf8 17. Rd1 Ng6 18. Bc1 h6 19. f4 exd4 20. Nxd4 Nxe4 21. f5 Nf8 22. Bxe4 Re8 23. Bf4 Qc5 24. Qg3 Bxe4 25. Bxh6 g6 26. Bxf8 Qxf8 27. fxg6 Bxg6 28. Rf4 Qc5 29. Rdf1 Qe5 30. Nf5 Kf8 31. Qh4 Bxf5 32. Rxf5 Qg7 33. Rh5 Qg6 34. Rg5 Re4 35. Qh8+ 1-0

[Event "Bangabandhu Premier Div League 2023-24"]
[Site "Dhaka"]
[Date "2024.02.04"]
[Round "4.6"]
[White "Puranik, Abhimanyu"]
[Black "Sanket Chakravarty"]
[Result "1/2-1/2"]
[ECO "B40"]
[WhiteElo "2645"]
[BlackElo "2361"]
[Annotator "RC"]
[PlyCount "61"]
[EventDate "2024.02.01"]
[EventCountry "BAN"]
[SourceTitle "playchess.com"]
[Source "ChessBase"]
[SourceQuality "1"]
[TimeControl "40/5400+30:1800+30"]

1. e4 c5 2. Nf3 e6 3. Nc3 Nc6 4. h3 Be7 5. Bb5 Nd4 6. Bd3 Nc6 7. O-O d6 8. Ne2 Nf6 9. Ng3 Bd7 10. c3 O-O 11. Re1 Ne5 12. Bf1 Bc6 13. d4 Nxf3+ 14. Qxf3 cxd4 15. cxd4 Nxe4 16. Nxe4 f5 17. Bc4 d5 18. Nc3 dxc4 19. Qe2 Bd5 20. Nxd5 Qxd5 21. Qxe6+ Qxe6 22. Rxe6 Bf6 23. Rd6 Rad8 24. Rxd8 Rxd8 25. Be3 Bxd4 26. Rd1 Bb6 27. Rxd8+ Bxd8 28. Bxa7 Bf6 29. b3 cxb3 30. axb3 Kf7 31. Kf1 1/2-1/2

[Event "Bangabandhu Premier Div League 2023-24"]
[Site "Dhaka"]
[Date "2024.02.04"]
[Round "4.6"]
[White "Rathanvel, V S"]
[Black "Kushagra Mohan"]
[Result "1-0"]
[ECO "C78"]
[WhiteElo "2474"]
[BlackElo "2374"]
[Annotator "RC"]
[PlyCount "99"]
[EventDate "2024.02.01"]
[EventCountry "BAN"]
[SourceTitle "playchess.com"]
[Source "ChessBase"]
[SourceQuality "1"]
[TimeControl "40/5400+30:1800+30"]

1. e4 e5 2. Nf3 Nc6 3. Bb5 a6 4. Ba4 Nf6 5. O-O b5 6. Bb3 Bc5 7. c3 d6 8. d4 Bb6 9. Be3 O-O 10. Nbd2 Re8 11. h3 h6 12. Qe2 exd4 13. cxd4 Na5 14. Bc2 Bb7 15. a4 b4 16. e5 dxe5 17. dxe5 Bxe3 18. Qxe3 Nd5 19. Qe4 g6 20. Qg4 Qc8 21. Qh4 Kg7 22. Rfe1 Qe6 23. Qg3 Ne7 24. Be4 Bxe4 25. Nxe4 Nb3 26. Rad1 Nf5 27. Qf4 Red8 28. h4 Rxd1 29. Rxd1 Qc4 30. Rd7 Re8 31. g4 Nbd4 32. Nxd4 Nxd4 33. Qf6+ Kg8 34. e6 Ne2+ 35. Kh2 Qxe6 36. Rxc7 Nd4 37. g5 hxg5 38. hxg5 Nf3+ 39. Qxf3 Qe5+ 40. Kg2 Qxe4 41. Rxf7 Qe5 42. Rf4 Qxg5+ 43. Rg4 Qh5 44. Rxb4 Qxf3+ 45. Kxf3 Re6 46. a5 Re5 47. Rb8+ Kf7 48. b4 Re1 49. Rb7+ Kf8 50. b5 1-0

[Event "Bangabandhu Premier Div League 2023-24"]
[Site "Dhaka"]
[Date "2024.02.04"]
[Round "4.7"]
[White "Arpan Das"]
[Black "Ter-Sahakyan, Samvel"]
[Result "0-1"]
[ECO "B92"]
[WhiteElo "2367"]
[BlackElo "2649"]
[Annotator "ChessBase"]
[PlyCount "70"]
[EventDate "2024.02.01"]
[EventCountry "BAN"]
[SourceTitle "playchess.com"]
[Source "ChessBase"]
[SourceQuality "1"]
[TimeControl "40/5400+30:1800+30"]

1. e4 c5 2. Nf3 d6 3. d4 cxd4 4. Nxd4 Nf6 5. Nc3 a6 6. Be2 e5 7. Nb3 Be7 8. Be3 Be6 9. Nd5 Nbd7 10. Qd3 O-O 11. O-O Bxd5 12. exd5 h5 13. a4 Ng4 14. Bc1 Bg5 15. h3 Bxc1 16. Rfxc1 Ngf6 17. a5 Re8 18. c4 b6 19. Qe3 Rb8 20. Ra2 Nc5 21. axb6 Nxb3 22. Qxb3 Rxb6 23. Qe3 Qb8 24. Rca1 Rxb2 25. Rxb2 Qxb2 26. Rxa6 Rd8 27. Bf1 h4 28. Rc6 Qd4 29. Qxd4 exd4 30. Rb6 Ne4 31. f3 Ng3 32. Bd3 Kf8 33. Kf2 Ra8 34. Rxd6 Ra3 35. Be4 Re3 0-1

[Event "Bangabandhu Premier Div League 2023-24"]
[Site "Dhaka"]
[Date "2024.02.04"]
[Round "4.7"]
[White "Sajidul, Haque"]
[Black "Mohammed Abdul, Malek"]
[Result "0-1"]
[ECO "B38"]
[WhiteElo "1922"]
[BlackElo "2047"]
[Annotator "NA"]
[PlyCount "104"]
[EventDate "2024.02.01"]
[EventCountry "BAN"]
[SourceTitle "playchess.com"]
[Source "ChessBase"]
[SourceQuality "1"]
[TimeControl "40/5400+30:1800+30"]

1. c4 Nf6 2. Nc3 c5 3. Nf3 Nc6 4. d4 cxd4 5. Nxd4 d6 6. e4 Bd7 7. f3 g6 8. Be3 Bg7 9. Be2 O-O 10. O-O Ne5 11. Rc1 Rc8 12. Qb3 Qa5 13. Ndb5 Nc6 14. Nxa7 Nxa7 15. Bb6 Qa6 16. c5 Nb5 17. Bxb5 Bxb5 18. Qxb5 Qxb5 19. Nxb5 Nd7 20. b4 Ra8 21. Rc2 Ra4 22. a3 Ra6 23. Ba5 dxc5 24. Rd1 Ne5 25. Rxc5 b6 26. Nc7 Rxa5 27. bxa5 bxc5 28. a6 Nc6 29. Rb1 c4 30. Kf1 Bd4 31. Rb7 e5 32. Nb5 Ra8 33. Rc7 Rxa6 34. Rc8+ Kg7 35. Nc7 Rb6 36. Ne8+ Kh6 37. Nd6 c3 38. Ke2 Na5 39. Nxf7+ Kg7 40. Rc7 Rb2+ 41. Ke1 Rb7 42. Nd8+ Rxc7 43. Ne6+ Kf6 44. Nxc7 Nc4 45. Nd5+ Ke6 46. Nb4 Nxa3 47. Nd3 Nc2+ 48. Ke2 Bg1 49. h4 Nd4+ 50. Kd1 Be3 51. Ne1 Kd6 52. g3 Bf2 0-1

[Event "Bangabandhu Premier Div League 2023-24"]
[Site "Dhaka"]
[Date "2024.02.04"]
[Round "4.8"]
[White "Harikrishnan.A.Ra"]
[Black "Suvradeepta, Das"]
[Result "1-0"]
[ECO "D45"]
[WhiteElo "2454"]
[BlackElo "2141"]
[Annotator "ChessBase"]
[PlyCount "81"]
[EventDate "2024.02.01"]
[EventCountry "BAN"]
[SourceTitle "playchess.com"]
[Source "ChessBase"]
[SourceQuality "1"]
[TimeControl "40/5400+30:1800+30"]

1. d4 d5 2. c4 e6 3. Nc3 c6 4. e4 dxe4 5. Nxe4 Bb4+ 6. Nc3 Nf6 7. Nf3 O-O 8. Bd3 Nbd7 9. O-O b6 10. Bf4 Bb7 11. a3 Be7 12. Qc2 Re8 13. Rad1 Nf8 14. c5 Ng6 15. Bg5 Qc8 16. b4 Ba6 17. Bxf6 gxf6 18. h4 Kh8 19. Qc1 Bxd3 20. Rxd3 b5 21. h5 Nf8 22. Re1 a5 23. Qf4 axb4 24. axb4 Nd7 25. Rde3 Ra3 26. d5 e5 27. Qe4 Nxc5 28. bxc5 Bxc5 29. Qh4 Qf5 30. dxc6 Bxe3 31. Rxe3 Rg8 32. c7 Ra6 33. Nd5 Qe6 34. Rc3 Rc8 35. Ne3 Rc6 36. Rxc6 Qxc6 37. h6 Qe6 38. Qb4 Qd7 39. Qh4 Qe6 40. Nd5 b4 41. Qg3 1-0

[Event "Bangabandhu Premier Div League 2023-24"]
[Site "Dhaka"]
[Date "2024.02.04"]
[Round "4.8"]
[White "Rahman, Ziaur"]
[Black "Avik, Sarker"]
[Result "1-0"]
[ECO "A06"]
[WhiteElo "2428"]
[BlackElo "1914"]
[Annotator "ChessBase"]
[PlyCount "99"]
[EventDate "2024.02.01"]
[EventCountry "BAN"]
[SourceTitle "playchess.com"]
[Source "ChessBase"]
[SourceQuality "1"]
[TimeControl "40/5400+30:1800+30"]

1. Nf3 d5 2. e3 Bf5 3. c4 e6 4. Nc3 c6 5. b3 Nd7 6. Be2 Bd6 7. Bb2 Ngf6 8. Nh4 Bg6 9. d3 e5 10. Nxg6 hxg6 11. d4 e4 12. Qd2 a6 13. O-O-O b5 14. c5 Bc7 15. f4 Qe7 16. Kb1 Qe6 17. h3 Nh5 18. Qe1 f5 19. g4 Nhf6 20. Qg3 O-O-O 21. Qg2 Rh4 22. a4 Rdh8 23. g5 Ne8 24. axb5 axb5 25. Na2 Bd8 26. Bc3 Nb8 27. Kb2 Qd7 28. Nb4 Qb7 29. Ra1 Nc7 30. Be1 R4h7 31. h4 Nba6 32. Nc2 Kd7 33. Bf2 Be7 34. Ra2 Ke6 35. Rha1 Ra8 36. Qf1 Kf7 37. Ra5 Rhh8 38. R1a2 Ke6 39. Qa1 Kf7 40. Be1 Ke6 41. R5a3 Kf7 42. Ba5 Ke6 43. Bxc7 Nxc7 44. Ra7 Rxa7 45. Rxa7 Qb8 46. Nb4 Rxh4 47. Nxc6 Qc8 48. Qa5 Rh2 49. Rxc7 Rxe2+ 50. Kc1 1-0

[Event "Bangabandhu Premier Div League 2023-24"]
[Site "Dhaka"]
[Date "2024.02.04"]
[Round "4.9"]
[White "Mohammad Minhaz Uddin"]
[Black "Rahman, Syed Mahfuzur"]
[Result "1/2-1/2"]
[ECO "B55"]
[WhiteElo "2224"]
[BlackElo "2087"]
[Annotator "ChessBase"]
[PlyCount "84"]
[EventDate "2024.02.01"]
[EventCountry "BAN"]
[SourceTitle "playchess.com"]
[Source "ChessBase"]
[SourceQuality "1"]
[TimeControl "40/5400+30:1800+30"]

1. e4 c5 2. Nf3 d6 3. d4 cxd4 4. Nxd4 Nf6 5. f3 e5 6. Bb5+ Bd7 7. Bxd7+ Qxd7 8. Nf5 d5 9. Bg5 dxe4 10. Bxf6 gxf6 11. fxe4 Qxd1+ 12. Kxd1 Rg8 13. g3 Nc6 14. c3 Rd8+ 15. Nd2 Ne7 16. Kc2 h5 17. Rae1 Rg4 18. Nxe7 Kxe7 19. Nf3 Bh6 20. Re2 Bg5 21. Rg1 h4 22. gxh4 Rxg1 23. Nxg1 Bxh4 24. Nf3 Bg5 25. Rg2 Rh8 26. h4 Bf4 27. c4 f5 28. exf5 Kf6 29. b4 Kxf5 30. Rg7 Kf6 31. Rg1 e4 32. Ng5 Kf5 33. Nxf7 Rxh4 34. c5 Rh2+ 35. Kc3 Rxa2 36. Nd8 e3 37. Nxb7 e2 38. Nd6+ Ke6 39. Nb5 Bd2+ 40. Kb3 e1=Q 41. Rxe1+ Bxe1 42. Kxa2 Bxb4 1/2-1/2

[Event "Bangabandhu Premier Div League 2023-24"]
[Site "Dhaka"]
[Date "2024.02.04"]
[Round "4.10"]
[White "Hasan, Sk. Rashedul"]
[Black "Ahmed, Sheikh Nasir"]
[Result "0-1"]
[ECO "B22"]
[WhiteElo "1807"]
[BlackElo "2182"]
[Annotator "RC"]
[PlyCount "100"]
[EventDate "2024.02.01"]
[EventCountry "BAN"]
[SourceTitle "playchess.com"]
[Source "ChessBase"]
[SourceQuality "1"]
[TimeControl "40/5400+30:1800+30"]

1. e4 c5 2. c3 d5 3. d3 Nc6 4. Nd2 e5 5. Ngf3 Nf6 6. Be2 Be7 7. a3 O-O 8. b4 a6 9. O-O Re8 10. Re1 Bf8 11. Bf1 Bg4 12. Qc2 Rc8 13. Qb1 d4 14. cxd4 Nxd4 15. Nxd4 cxd4 16. Nb3 Bd7 17. Bd2 Ba4 18. Qb2 Bd6 19. Rec1 Qd7 20. Be2 h6 21. h3 Qe6 22. Bd1 Qe7 23. Nxd4 Bd7 24. Nf3 Nh5 25. Rxc8 Bxc8 26. Rc1 Bd7 27. Bb3 Qf6 28. Kh2 Nf4 29. Ne1 Ne2 30. Be3 Nxc1 31. Qxc1 Rc8 32. Qd2 Be6 33. Bd1 Qd8 34. Nf3 Qc7 35. Nh4 Be7 36. Nf5 Bxf5 37. exf5 e4+ 38. g3 Qc3 39. Qe2 exd3 40. Qg4 Rc4 41. Qf3 Bg5 42. Bc5 Qe1 43. Bb3 Qe4 44. Qh5 b5 45. h4 Bf6 46. a4 bxa4 47. Bxc4 Qxc4 48. g4 Qf4+ 49. Kg1 Qf3 50. Be3 a3 0-1

[Event "Bangabandhu Premier Div League 2023-24"]
[Site "Dhaka"]
[Date "2024.02.04"]
[Round "4.12"]
[White "Abdullah Al, Raison"]
[Black "Manon, Reja Neer"]
[Result "0-1"]
[ECO "C24"]
[WhiteElo "1839"]
[BlackElo "2169"]
[Annotator "RC"]
[PlyCount "66"]
[EventDate "2024.02.01"]
[EventCountry "BAN"]
[SourceTitle "playchess.com"]
[Source "ChessBase"]
[SourceQuality "1"]
[TimeControl "40/5400+30:1800+30"]

1. e4 e5 2. Bc4 Nf6 3. d3 c6 4. Nf3 d5 5. Bb3 a5 6. a4 Bb4+ 7. c3 Bd6 8. O-O O-O 9. Re1 dxe4 10. dxe4 Qe7 11. Qe2 Na6 12. Nbd2 Bc7 13. h3 Nc5 14. Bc2 Nh5 15. Nc4 Ne6 16. g3 Nc5 17. Kg2 Qe6 18. Ng1 Qg6 19. Kh2 f5 20. exf5 Bxf5 21. Bxf5 Qxf5 22. Be3 Nd3 23. Rf1 e4 24. Qg4 Qf7 25. Qxe4 Nxf2 26. Bxf2 Qxf2+ 27. Rxf2 Rxf2+ 28. Qg2 Bxg3+ 29. Kh1 Raf8 30. Nf3 R8xf3 31. Qg1 Bc7 32. Qg4 Ng3+ 33. Kg1 Ne2+ 0-1

[Event "Bangabandhu Premier Div League 2023-24"]
[Site "Dhaka"]
[Date "2024.02.05"]
[Round "5.1"]
[White "Hossain, Enamul"]
[Black "Sanket Chakravarty"]
[Result "1-0"]
[ECO "B45"]
[WhiteElo "2372"]
[BlackElo "2361"]
[Annotator "TA"]
[PlyCount "49"]
[EventDate "2024.02.01"]
[EventCountry "BAN"]
[SourceTitle "playchess.com"]
[Source "ChessBase"]
[SourceQuality "1"]
[TimeControl "40/5400+30:1800+30"]

1. e4 c5 2. Nf3 e6 3. d4 cxd4 4. Nxd4 Nf6 5. Nc3 Nc6 6. Ndb5 Bb4 7. a3 Bxc3+ 8. Nxc3 d5 9. exd5 exd5 10. Bd3 O-O 11. O-O Bg4 12. f3 Bh5 13. Bg5 Qb6+ 14. Kh1 {[%emt 0:00:00] [#] Black must now prevent Bxf6. Active counter play!} Ne4 15. Nxe4 {[%emt 0:00:00] White is slightly better.} dxe4 16. Bxe4 Qxb2 17. Qd6 {[%emt 0:05:00][%cal Of1b1] Threatening Rfb1!} (17. Qb1 {simplifies} Qxb1 18. Rfxb1 Bg6 19. Bxg6 hxg6 20. Rxb7 Rfc8 21. Bd2) 17... Bg6 18. Rab1 Qc3 19. Bd5 Rad8 $2 20. Bxd8 $18 Rxd8 {[%emt 0:00:30] [#]} 21. Rbe1 $1 {[%emt 0:01:00] White threatens Qxd8+ and mate.} Qf6 ({Inferior is} 21... Rxd6 22. Re8#) 22. Qxf6 gxf6 23. Bxc6 bxc6 24. Rd1 Re8 25. Rfe1 {[%emt 0:00:00] Weighted Error Value: White=0.08 (flawless) /Black=0.48.  Loses game:     	---       	Black=1      OK:         	White=7     	Black=4      Best:        	White=1     	---} 1-0